 Dungeon Crawl Stone Soup version 0.28.0-45-g0d030f2227 (webtiles) character file.

Game seed: 759063188624100094

110 zeratav the Insei (level 4, -7/29 HPs)
             Began as an Octopode Transmuter on Apr 9, 2022.
             Mangled by an ogre
             ... wielding a +0 giant club
              (22 damage)
             ... on level 4 of the Dungeon.
             The game lasted 00:04:10 (3290 turns).

zeratav the Insei (Octopode Transmuter)             Turns: 3290, Time: 00:04:11

Health: -7/29      AC:  1    Str:  9    XL:     4   Next: 91%
Magic:  7/7        EV: 13    Int: 15    God:
Gold:   148        SH:  0    Dex: 14    Spells: 6/7 levels left

rFire   . . .      SeeInvis .     - Unarmed
rCold   . . .      Faith    .   (no shield)
rNeg    . . .      Spirit   .   (helmet restricted)
rPois   .          Reflect  .   (no amulet)
rElec   .          Harm     .   i - ring of flight
rCorr   .          Rampage  .   (no ring)
Will    .....                   (no ring)
Stlth   +++.......              (no ring)
HPRegen 0.09/turn               (no ring)
MPRegen 0.10/turn               (no ring)
                                (no ring)
                                (no ring)

@: flying
A: almost no armour, amphibious, 8 rings, camouflage 1, gelatinous body 1,
(nimble swimmer 1), tentacles
a: no special abilities


You were on level 4 of the Dungeon.
You visited 1 branch of the dungeon, and saw 4 of its levels.

You collected 148 gold pieces.


Innate Abilities, Weirdness & Mutations

You cannot wear most types of armour.
You are amphibious.
You can wear up to eight rings at the same time.
Your skin changes colour to match your surroundings (Stealth+).
Your rubbery body absorbs attacks. (AC +1, EV +1)
((You are camouflaged when in or above water. (Stealth+)))
You have tentacles for arms and can constrict up to eight enemies at once.


   Skills:
 + Level 2.1 Fighting
 + Level 2.7 Dodging
 + Level 2.6 Stealth
 * Level 4.1 Unarmed Combat
 - Level 2.0 Spellcasting
 - Level 2.0 Transmutations


You had 6 spell levels left.
You knew the following spells:

 Your Spells              Type           Power      Damage    Failure   Level
a - Beastly Appendage     Tmut           14%        N/A       10%         1

Your spell library contained the following spells:

 Spells                   Type           Power      Damage    Failure   Level
 Wereblood                Tmut           7%         N/A       14%         2
 Spider Form              Tmut/Pois      4%         N/A       41%         3
 Ice Form                 Ice/Tmut       4%         N/A       82%         4

Inventory:

Jewellery
 i - a ring of flight (left tentacle)
   (You found it on level 3 of the Dungeon)
Scrolls
 a - a scroll of enchant armour {unknown}
 b - a scroll of silence {unknown}
 d - a scroll of vulnerability {unknown}
 f - a scroll of enchant weapon {unknown}
 g - 3 scrolls of identify {unknown}
Potions
 c - a potion of resistance {unknown}
 e - 2 potions of curing {unknown}
 h - a potion of berserk rage {unknown}

Dungeon Overview and Level Annotations

Branches:
Dungeon (4/15)
 Temple: D:4-7

Altars:

Portals:
Sewer: D:4

#......# +###..#
#......# ..... #......#
.... .+ #......#+####..#
..# #
#.....#....#..##..# #
#.................. #
#...###'###........ +
#...#≈BOB≈#...###### #
#...#≈≈@≈≈#...#..... ..
#...#≈≈≈≈≈#.###..... ...
#...#≈≈≈≈≈#......... ...
#...#######..<...... ..
#...................
+................... ###
#................... #..
#..........#####+#####..
#..........# #....##..


You could see an ogre and 2 giant cockroaches.


Message History

The kobold hits you with a +0 short sword.
HP[-5]
You take 5 damage, and now have 23/29 hp.
You tentacle-slap the kobold. Your grab misses the kobold.
The kobold closely misses you.
You tentacle-slap the kobold.
You kill the kobold!
Things that are here:
a +0 short sword {short}; a kobold corpse You hear the slow rusting of a drain very nearby.
You start resting.
You hear the slow rusting of a drain very nearby.
HP[+6]
Your hp is fully restored (29).
You now have 125 gold pieces (gained 10).
As you open the door, it creaks loudly!
There is an open door here.
You reach down and open the door.
There is an open door here.
g - 3 scrolls labelled WYNTOQ SEPOANN (gained 1)
You reach down and open the door.
There is an open door here.
Found a stone staircase leading up.
You now have 148 gold pieces (gained 23).
Found a glowing drain.
An ogre comes into view. It is wielding a +0 giant club.
You hear the slow rusting of a drain.
One of your tentacles grows a vicious spike.
MP[-1]
You lost 1 mp, and now have 6/7 mp.
You reach down and open the door.
Your transformation is almost over.
The rat twitches its whiskers.
The giant cockroach splashes around in the water.
There is an open door here.
You tentacle-slap the rat.
You kill the rat!
The ball python hisses angrily.
The giant cockroach barely misses you.
The adder hisses angrily.
You tentacle-slap the giant cockroach but do no damage.
You grab the giant cockroach. You constrict the giant cockroach.
The ogre shouts!
The giant cockroach barely misses you.
You tentacle-slap the giant cockroach.
You pierce the giant cockroach, but do no damage.
You constrict the giant cockroach.
You kill the giant cockroach!
The giant cockroach splashes around in the water.
The giant cockroach bites you but does no damage.
You tentacle-slap the adder. You grab the adder.
You pierce the adder, but do no damage.
Your tentacle-slap misses the adder.
You constrict the adder. The adder closely misses you.
The giant cockroach barely misses you.
You tentacle-slap the adder.
You pierce the adder.
You constrict the adder. The giant cockroach bites you. The adder bites you.
The giant cockroach bites you.
HP[-8]
You take 8 damage, and now have 21/29 hp.
MASSIVE DAMAGE!! (PAUSE)
You tentacle-slap the adder.
You kill the adder!
The giant cockroach bites you. The ball python completely misses you.
The ball python grabs you. The ball python constricts you.
The giant cockroach barely misses you.
HP[-2] MP[+1]
You take 2 damage, and now have 19/29 hp.
Your mp is fully restored (7).
You tentacle-slap the ball python. Your grab misses the ball python.
The giant cockroach bites you. The ogre barely misses you.
The ball python misses you. The ball python constricts you.
The giant cockroach bites you.
The giant cockroach bites you but does no damage.
HP[-3]
You take 3 damage, and now have 16/29 hp.
You tentacle-slap the ball python.
You kill the ball python!
Your tentacle spike disappears.
The giant cockroach splashes around in the water.
The ogre misses you.
The giant cockroach bites you but does no damage.
You tentacle-slap the rat.
You kill the rat!
The giant cockroach closely misses you.
The giant cockroach splashes around in the water.
The ogre misses you.
The giant cockroach splashes around in the water.
The giant cockroach bites you. The giant cockroach misses you.
Things that are here:
a ball python corpse; an adder corpse; HP[-1]
You take 1 damage, and now have 15/29 hp.
The giant cockroach completely misses you.
The giant cockroach splashes around in the water.
There is a glowing drain here.
The giant cockroach bites you but does no damage.
The giant cockroach misses you.
The giant cockroach bites you but does no damage.
The ogre hits you with a +0 giant club!!
Ouch! That really hurt!
You die...

Skill      XL: |  1  2  3  4 |
---------------+-------------+-----
Stealth        | 1 2 |  2.6
Fighting       | 2 |  2.1
Unarmed Combat | 4 |  4.1
Dodging        | |  2.7
Spellcasting   | |  2.0
Transmutations | |  2.0

Action                   |  1- 3 |  4- 6 || total
-------------------------+-------+-------++-------
Melee: Unarmed           |    88 |    59 ||   147
       Tentacles         |    20 |     8 ||    28
       Constrict         |    23 |    14 ||    37
       Kick              |    12 |     6 ||    18
       Punch             |     4 |     3 ||     7
 Cast: Beastly Appendage |    14 |     4 ||    18
 Stab: Sleeping          |    13 |     3 ||    16
Armor: Skin              |     6 |     7 ||    13
Dodge: Dodged            |    52 |    42 ||    94

Levels and vault maps discovered:
D:1:      nzn_arrival_water_spiral, layout_loops_corners,
          minmay_misc_feat_columns
D:2:      layout_basic
D:3:      layout_basic, shapermc_ecumenical_altar_starsandcircs,
          minmay_misc_feat_rugged
D:4:      layout_gridville, minmay_temple_entry_ruins, portal_sewer_entry_c

Notes
Turn   | Place    | Note
-------+----------+-------------------------------------------
     0 | D:1      | zeratav the Octopode Transmuter began the quest for the
                  | Orb.
     0 | D:1      | Reached XP level 1. HP: 13/13 MP: 3/3
     0 | D:1      | magus.rc [v1.9.6]
   209 | D:1      | Reached XP level 2. HP: 18/18 MP: 5/5
   302 | D:1      | Reached skill level 1 in Stealth
   616 | D:1      | Reached XP level 3. HP: 21/23 MP: 6/6
  1586 | D:2      | Reached skill level 2 in Stealth
  1961 | D:2      | Reached XP level 4. HP: 26/29 MP: 5/7
  2283 | D:3      | Noticed an ogre
  2513 | D:3      | Found a faded altar of an unknown god.
  2529 | D:3      | Reached skill level 2 in Fighting
  2730 | D:3      | Reached skill level 4 in Unarmed Combat
  3239 | D:4      | Found a glowing drain.
  3249 | D:4      | Noticed an ogre
  3290 | D:4      | Mangled by an ogre

Vanquished Creatures
  2 adders
  An ufetubus (D:2)
  A worm (D:3)
  3 dart slugs
  3 endoplasms
  6 giant cockroaches
  12 goblins
  7 hobgoblins
  4 jackals
  3 quokkas
  3 ball pythons
  5 bats (D:1)
  3 frilled lizards
  10 kobolds
  9 rats
72 creatures vanquished.

Table legend:
 A = Non-vault XP
 B = Vault XP
 C = Vault XP percentage of total XP
 D = Non-vault monster count
 E = Vault monster count
 F = Vault count percentage of total count
                 A         B        C        D         E       F
            +---------+---------+-------+---------+---------+-------
      Total |     138 |      20 |  12.7 |      67 |       5 |   6.9
            +---------+---------+-------+---------+---------+-------
        D:1 |      53 |       0 |   0.0 |      31 |       0 |   0.0
        D:2 |      42 |       0 |   0.0 |      14 |       0 |   0.0
        D:3 |      37 |       0 |   0.0 |      19 |       0 |   0.0
        D:4 |       6 |      20 |  76.9 |       3 |       5 |  62.5
            +---------+---------+-------+---------+---------+-------

Illustrated notes

Table legend:
 A = Kills in this place as a percentage of kills in entire the game.
 B = Kills by you in this place as a percentage of kills by you in the entire game.
 C = Kills by friends in this place as a percentage of kills by friends in the entire game.
 D = Other kills in this place as a percentage of other kills in the entire game.
 E = Experience gained in this place as a percentage of experience gained in the entire game.
 F = Experience gained in this place divided by the number of levels of this place that you have seen.
                   A       B       C       D       E      F
               +-------+-------+-------+-------+-------+----------------------
         Total | 100.0 | 100.0 |   N/A |   N/A | 100.0 |  39.5
       Dungeon | 100.0 | 100.0 |   N/A |   N/A | 100.0 |  39.5
               +-------+-------+-------+-------+-------+----------------------

Table legend: (Time is in decaauts)
 A = Elapsed time spent in this place.
 B = Non-inter-level travel time spent in this place.
 C = Inter-level travel time spent in this place.
 D = Time resting spent in this place.
 E = Time spent auto-exploring this place.
 F = Levels seen in this place.
 G = Mean time per level.
                   A        B        C        D        E       F      G
               +--------+--------+--------+--------+--------+-----+--------+
         Total |   3280 |   3043 |    237 |     58 |   2409 |   4 |  820.0 |
       Dungeon |   3280 |   3043 |    237 |     58 |   2409 |   4 |  820.0 |
               +--------+--------+--------+--------+--------+-----+--------+

Top non-repeatable levels by time:
     D:1: 1284 daAuts
     D:3: 982 daAuts
     D:2: 828 daAuts
     D:4: 183 daAuts
